 Dungeon Sprint DCSS version 0.27-a0-1291-geefcff550b (webtiles) character file.

Game seed: 1512611451934626334

48 howech the Cruncher (level 7, -3/67 HPs)
             Began as a Minotaur Gladiator on June 15, 2021.
             Was an Elder of Trog.
             Killed from afar by an orc sorcerer (28 damage)
             ... with a bolt of fire
             ... in the Dungeon (Sprint VI: "Thunderdome").
             The game lasted 00:06:53 (410 turns).

howech the Cruncher (Minotaur Gladiator)             Turns: 410, Time: 00:06:54

Health: -3/67      AC:  0    Str: 19    XL:     7   Next: 40%
Magic:  6/6        EV: 15    Int:  5    God:    Trog [****..]
Gold:   245        SH:  0    Dex: 13    Spells: 6/6 levels left

rFire    . . .     SeeInvis .   a - +0 quarterstaff
rCold    . . .     Faith    .   (shield currently unavailable)
rNeg     . . .     Spirit   .   (no armour)
rPois    .         Reflect  .   c - +0 hat
rElec    .         Harm     .   (no cloak)
rCorr    .         Rampage  .   (no gloves)
Will     ++...     NoTele   +   (no boots)
Stlth    +.........             (no amulet)
HPRegen  1.21/turn              (no ring)
MPRegen  0.10/turn              (no ring)

@: strong-willed, on berserk cooldown, regenerating, slowed, very slow
A: horns 2, retaliatory headbutt
a: Renounce Religion, Berserk, Trog's Hand, Brothers in Arms


You were in the Dungeon.
You worshipped Trog.
Trog was greatly pleased with you.
You visited 1 branch You collected 280 gold pieces.
You spent 35 gold pieces at shops.

Inventory:

Hand Weapons
 a - a +0 quarterstaff (weapon)
Missiles
 d - a throwing net (quivered)
Armour
 b - a +0 leather armour
 c - a +0 hat (worn)
 o - a +0 chain mail
Wands
 k - a wand of acid (5)
 l - a wand of iceblast (5)
Scrolls
 j - 4 scrolls of blinking
 m - 3 scrolls of fog
Potions
 e - a potion of curing
 f - 4 potions of heal wounds
 g - 4 potions of haste
 h - 2 potions of magic
 i - a potion of berserk rage
 n - a potion of resistance


   Skills:
 + Level 7.7 Fighting
 + Level 7.2 Axes
 * Level 10.9 Staves
 + Level 6.5 Throwing
 + Level 7.1 Armour
 + Level 7.5 Dodging


You had 6 spell levels left.
You didn't know any spells.
Your spell library was empty.

Dungeon Overview and Level Annotations

Branches:
Dungeon (1/1)

Altars:
Cheibriados
Dithmenos
Fedhas
Gozag
Kikubaaqudgha
Makhleb
Okawaru
Qazlal
Ru
Sif Muna
Trog
Uskayaw
Vehumet
Wu Jian
Xom
Yredelemnul
Zin
The Shining One
Beogh
Jiyva
Lugonu

Shops:
D *[??*?*:[((!!!!


Innate Abilities, Weirdness & Mutations

You have a pair of horns on your head.
You reflexively headbutt those who attack you in melee.


Message History

Okay, then.
o - a +0 chain mail You feel your anger nearly subside.
You are no longer berserk.
Trog's vigour flows through your veins.
You are exhausted.
You feel yourself slow down.
Things that are here:
a +0 flail; an orc corpse You start removing your armour.
You continue taking off your +0 leather armour.
Keep disrobing? [Y]es or [N]o only, please.
Keep disrobing? [Y]es or [N]o only, please.
Keep disrobing?
The orc sorcerer shouts!
You continue taking off your +0 leather armour. x3
The orc sorcerer hits you with a +0 dagger.
You finish taking off your +0 leather armour.
Unknown command.
Unknown command.
Unknown command.
Unknown command.
Unknown command.
Unknown command.
You barely miss the orc sorcerer.
The gnoll shouts!
You headbutt the orc sorcerer!
The orc sorcerer is moderately wounded. 50...
The orc sorcerer hits you with a +0 dagger.
You hit the orc sorcerer but do no damage.
The orc sorcerer is moderately wounded.
The orc sorcerer hits you with a +0 dagger.
You miss the orc sorcerer. You headbutt the orc sorcerer!
The orc sorcerer is heavily wounded.
The orc sorcerer completely misses you. The orc sorcerer casts a spell at you.
The bolt of fire hits you!!
You die...

#∩.......∩# #_......._#
#.........# #_......._#
###.........### #§...........⌠#
######.8.........8.######
##.___..).o.###......___∩##
###∩........8@# #.8........∩##
##............)###.............
#⌠.........g###...###..........
#⌠..........# #.<.# #..........
#⌠..........###...###..........
##.............###.............
###∩........8.# #.8........∩##
##∩___......###......_._∩##
######.8.........8.######


You could see an orc sorcerer and a gnoll.

Vanquished Creatures
  Grinder (D)
  Sigmund (D)
  An orc warrior (D)
  An ogre (D)
  A scorpion (D)
  2 quasits (D)
  2 orc priests (D)
  A shadow imp (D)
  A white imp (D)
  An adder skeleton (D)
  A giant cockroach (D)
  A frilled lizard (D)
14 creatures vanquished.

Notes
Turn   | Place    | Note
-------+----------+-------------------------------------------
     0 | D        | howech the Minotaur Gladiator began the quest for the Orb.
     0 | D        | Reached XP level 1. HP: 18/18 MP: 0/0
     1 | D        | Found a shimmering blue altar of Sif Muna.
     1 | D        | Found an iron altar of Okawaru.
     2 | D        | Found a snail-covered altar of Cheibriados.
     2 | D        | Found a radiant altar of Vehumet.
     3 | D        | Found an ornate altar of the Wu Jian Council.
     3 | D        | Found a stormy altar of Qazlal.
     4 | D        | Found Felosm's Identification Station.
     4 | D        | Found a bloodstained altar of Trog.
     4 | D        | Found a shadowy altar of Dithmenos.
     5 | D        | Found Niecket's Advanced Armour.
     5 | D        | Found Miostrar's Jewellery.
     5 | D        | Round 1.
     8 | D        | Found an opulent altar of Gozag.
    12 | D        | Became a worshipper of Trog the Wrathful
    29 | D        | Found a basalt altar of Yredelemnul.
    29 | D        | Found Kapuan's Premium Goods.
    30 | D        | Found Doposk's Miscellaneous Merchandise.
    30 | D        | Found Perphyn's Basic Armour.
    31 | D        | Found a glowing golden altar of the Shining One.
    31 | D        | Found a burning altar of Makhleb.
    31 | D        | Found an ancient bone altar of Kikubaaqudgha.
    31 | D        | Found Iruadis's Weapon Rack.
    38 | D        | Reached skill level 1 in Axes
    38 | D        | Reached skill level 4 in Staves
    38 | D        | Reached skill level 1 in Armour
    39 | D        | Reached * piety under Trog
    56 | D        | Found a shimmering altar of Xom.
    56 | D        | Noticed a scorpion
    59 | D        | Killed a scorpion
    59 | D        | Noticed Sigmund
    60 | D        | Reached skill level 6 in Staves
    60 | D        | Reached XP level 2. HP: 26/27 MP: 1/1
    60 | D        | Reached XP level 3. HP: 32/33 MP: 2/2
    70 | D        | Killed Sigmund
    70 | D        | Reached ** piety under Trog
    70 | D        | Arena points: 12 (+12) [x2]
    71 | D        | Reached skill level 5 in Fighting
    71 | D        | Reached skill level 5 in Axes
    71 | D        | Reached skill level 8 in Staves
    71 | D        | Reached skill level 5 in Armour
    71 | D        | Reached skill level 5 in Dodging
    71 | D        | Reached XP level 4. HP: 28/44 MP: 3/3
    71 | D        | Reached XP level 5. HP: 32/50 MP: 4/4
    78 | D        | Found a viscous altar of Jiyva.
    81 | D        | Found Lucotah's Do-It-Yourself Clinic.
    81 | D        | Found Qistiriq's Bottled Wisdom.
    82 | D        | Found Vyomp's Distillery.
    83 | D        | Found a corrupted altar of Lugonu.
    83 | D        | Found a hide-covered altar of Uskayaw.
    83 | D        | Found a sacrificial altar of Ru.
    83 | D        | Found Woijoll's Distillery.
   102 | D        | Found a blossoming altar of Fedhas.
   102 | D        | Found Ygoxuuza's Staff Store.
   102 | D        | Found Himav's Must-Have Magic.
   103 | D        | Found Acyx's Magic Scroll Shop.
   104 | D        | Found a glowing silver altar of Zin.
   104 | D        | Found Adafif's Magic Scroll Shop.
   124 | D        | Round 2.
   133 | D        | Reached skill level 5 in Throwing
   170 | D        | Noticed Grinder
   170 | D        | Paralysed by Grinder for 4 turns
   180 | D        | Killed Grinder
   181 | D        | Reached skill level 9 in Staves
   181 | D        | Reached XP level 6. HP: 57/58 MP: 5/5
   286 | D        | Reached *** piety under Trog
   287 | D        | Reached skill level 10 in Staves
   291 | D        | Arena points: 48 (+36) [x3]
   329 | D        | Round 3.
   365 | D        | Bought a scroll of magic mapping for 35 gold pieces
   373 | D        | Noticed an orc warrior
   383 | D        | Reached XP level 7. HP: 66/66 MP: 6/6
   395 | D        | Reached **** piety under Trog
   404 | D        | Noticed an orc sorcerer
   410 | D        | Killed from afar by an orc sorcerer

Illustrated notes

Levels and vault maps discovered:
D:        arena_sprint

Skill      XL: |  1  2  3  4  5  6  7 |
---------------+----------------------+-----
Axes           | 3 5 6 7 |  7.2
Staves         | 6 8 9 10 | 10.9
Armour         | 3 5 6 7 |  7.1
Fighting       | 4 5 6 7 |  7.7
Throwing       | 3 4 5 6 |  6.5
Dodging        | 4 5 6 7 |  7.5

Action                   |  1- 3 |  4- 6 |  7- 9 || total
-------------------------+-------+-------+-------++-------
Melee: Quarterstaff      |    14 |    27 |    16 ||    57
       Headbutt          |     5 |     6 |     6 ||    17
Throw: Throwing net      |     2 |     2 |       ||     4
Invok: Berserk           |       |       |     1 ||     1
       Trog's Hand       |       |       |     1 ||     1
  Use: Scroll            |       |     1 |       ||     1
 Stab: Held in net/web   |       |     2 |       ||     2
Armor: Leather armour    |     1 |     4 |       ||     5
Dodge: Dodged            |     6 |    11 |     4 ||    21

Table legend: (Time is in decaauts)
 A = Elapsed time spent in this place.
 B = Non-inter-level travel time spent in this place.
 C = Inter-level travel time spent in this place.
 D = Time resting spent in this place.
 E = Time spent auto-exploring this place.
 F = Levels seen in this place.
 G = Mean time per level.
                   A        B        C        D        E       F      G
               +--------+--------+--------+--------+--------+-----+--------+
         Total |    401 |    395 |      6 |     69 |     21 |   1 |  401.0 |
       Dungeon |    401 |    395 |      6 |     69 |     21 |   1 |  401.0 |
               +--------+--------+--------+--------+--------+-----+--------+

Top non-repeatable levels by time:
       D: 401 daAuts
